 Dungeon Crawl Stone Soup version 0.18.1-5-g4a78601 (webtiles) character file.

32 MDvedh the Cudgeler (level 3, 0/23 HPs)
             Began as a Gargoyle Fighter on May 9, 2016.
             Slain by a goblin
             ... wielding a +0 club
             ... led by Robin
              (3 damage)
             ... on level 2 of the Dungeon.
             The game lasted 00:01:08 (694 turns).

MDvedh the Cudgeler (Gargoyle Fighter)               Turns: 694, Time: 00:01:09

Health: 0/23       AC: 10    Str: 20    XL:     3   Next: 27%
Magic:  3/3        EV:  7    Int:  8    God:
Gold:   40         SH:  9    Dex:  9    Spells: 0 memorised, 2 levels left

rFire  . . .     SeeInvis .     a - +0 flail
rCold  . . .     Gourm    .     b - +0 scale mail
rNeg   + . .     Faith    .     c - +0 shield
rPois  ∞         Spirit   .     (no helmet)
rElec  +         Dismiss  .     (no cloak)
rCorr  .         Reflect  .     (no gloves)
SustAt .         Harm     .     (no boots)
MR     .....                    (no amulet)
Stlth  ..........               (no ring)
                                (no ring)

@: not resistant to hostile enchantments, extremely unstealthy
A: negative energy resistance 1, electricity resistance, unbreathing,
petrification resistance, rot immunity, AC +3
a: no special abilities


You were on level 2 of the Dungeon.
You were not hungry.

You visited 1 branch of the dungeon, and saw 2 of its levels.

You collected 40 gold pieces.

Inventory:

Hand Weapons
 a - a +0 flail (weapon)
 h - a +0 whip of holy wrath
Armour
 b - a +0 scale mail (worn)
 c - a +0 shield (worn)
Jewellery
 i - an uncursed ring of flight {unknown}
 l - a +5 ring of dexterity {unknown}
Scrolls
 k - a scroll of amnesia {unknown}
 n - a scroll of remove curse {unknown}
 p - a scroll of teleportation {unknown}
Potions
 d - a potion of might
 e - a potion of cure mutation {unknown}
 j - 2 potions of invisibility {unknown}
 m - a potion of cancellation {unknown}
 o - a potion of flight {unknown}
Comestibles
 f - a bread ration
 g - 2 meat rations


   Skills:
 - Level 3.2 Fighting
 + Level 3.6 Maces & Flails
 - Level 3.2 Armour
 - Level 3.2 Shields


You had 2 spell levels left.
You didn't know any spells.

Dungeon Overview and Level Annotations

Branches:
Dungeon (2/15)

Altars:

Annotations:
D:2 Robin


Innate Abilities, Weirdness & Mutations

You are resistant to torment.
Your stone body is resilient (AC +3).
You are immune to poison.
You resist negative energy.
You are resistant to electric shocks.
You can survive without breathing.
You are immune to petrification.
You are immune to rotting.


Message History

You block the quokka's attack. You block the goblin's attack.
The goblin hits you with a club. The hobgoblin closely misses you.
The quokka barely misses you. The goblin hits you but does no damage.
The goblin hits you. x2
Unknown command.
You sock the goblin!
You kill the goblin!
The hobgoblin hits you with a club!
* * * LOW HITPOINT WARNING * * *
The goblin barely misses you. You block the goblin's attack.
The quokka bites you.
* * * LOW HITPOINT WARNING * * *
The goblin barely misses you. You block the goblin's attack.
The goblin hits you but does no damage. The hobgoblin barely misses you.
The quokka bites you but does no damage.
You block the goblin's attack.
A jackal comes into view.
Unknown command.
The goblin hits you with a club.
You die...

....... .###
##.......# .... ..
......# .$.###..
....... ....)..
.......
#...###....... .
##....@grg....#
....#.?...#ggl.....
.......<...ggg.....
....=....##g.(..###
........%.......#
....#...###.h...#
......... )!....#
###...##. ......#
#.## . ........


You could see Robin, a quokka, a jackal (wandering), a hobgoblin, 6 goblins and
a giant newt.

Vanquished Creatures
  2 oozes (D:1)
  2 bats (D:1)
  2 giant cockroaches (D:1)
  5 goblins
  3 hobgoblins (D:1)
  3 kobolds (D:1)
  4 rats (D:1)
21 creatures vanquished.

Notes
Turn   | Place    | Note
--------------------------------------------------------------
     0 | D:1      | MDvedh the Gargoyle Fighter began the quest for the Orb.
     0 | D:1      | Reached XP level 1. HP: 14/14 MP: 1/1
    42 | D:1      | Reached XP level 2. HP: 19/19 MP: 2/2
   253 | D:1      | Reached XP level 3. HP: 23/23 MP: 3/3
   685 | D:2      | Noticed Robin
   694 | D:2      | Slain by a goblin

Skill      XL: |  1  2 |
---------------+-------+-----
Maces & Flails | 3 |  3.6
Fighting       | |  3.2
Armour         | |  3.2
Shields        | |  3.2

Action                   || total
-------------------------++-------
Melee: Flail             ||    73
Armor: Scale mail        ||    62
Dodge: Dodged            ||    26
Block: Shield            ||    49
